 Dungeon Sprint DCSS version bcrawl-1.23 (webtiles) character file.

Game seed: 13533729574524744788

147 Freyura the Cudgeler (level 5, -1/44 HPs)
             Began as a Demonspawn Fighter on May 24, 2020.
             Was an Initiate of Qazlal.
             Slain by a six-headed hydra (4 damage)
             ... in the Dungeon (Sprint IX: "|||||||||||||||||||||||||||||").
             The game lasted 00:04:34 (186 turns).

Freyura the Cudgeler (Demonspawn Fighter)            Turns: 186, Time: 00:04:35

Health: -1/44      AC: 10    Str: 19    XL:     5   Next: 8%
Magic:  5/5        EV:  9    Int:  9    God:    Qazlal [......]
Gold:   0          SH:  0    Dex: 14    Spells: 4/4 levels left

rFire    . . .     SeeInvis .   a - +2 dire flail (crush)
rCold    . . .     Gourm    .   (shield currently unavailable)
rNeg     . . .     Faith    .   n - +1 chain mail
rPois    .         Spirit   .   (helmet restricted)
rElec    .         Reflect  .   (no cloak)
rCorr    .         Harm     .   (no gloves)
MR       .....     NoTele   +   (no boots)
Stlth    ..........             (no amulet)
HPRegen  0.14/turn              p - +3 ring of strength
MPRegen  0.09/turn              (no ring)

@: lethally poisoned (-1 -> -2), very slightly contaminated, invisible
A: horns 1, powered by pain 1, rot immunity
a: Renounce Religion


You were in the Dungeon.
You worshipped Qazlal.
Qazlal was noncommittal.
You were not hungry.

You visited 1 branch

Inventory:

Hand Weapons
 a - a +2 dire flail of crushing (weapon)
Armour
 n - a +1 chain mail (worn)
Jewellery
 o - a +3 ring of intelligence
 p - a +3 ring of strength (left hand)
Wands
 m - a wand of acid (10)
Scrolls
 j - 3 scrolls of remove curse
 k - 2 scrolls of blinking
 l - 2 scrolls of amnesia
Potions
 f - 5 potions of curing
 g - 3 potions of heal wounds
 h - a potion of haste
 i - 4 potions of magic
Comestibles
 e - a ration {!d}


   Skills:
 + Level 5.1 Fighting
 * Level 5.7 Maces & Flails
 + Level 4.6 Armour
 + Level 3.4 Dodging
   Level 4.5 Shields
 + Level 0.6 Invocations


You had 4 spell levels left.
You didn't know any spells.
Your spell library was empty.

Dungeon Overview and Level Annotations

Branches:
Dungeon (1/1)

Altars:
Cheibriados
Dithmenos
Elyvilon
Fedhas
Gozag
Hepliaklqana
Kikubaaqudgha
Lugonu
Makhleb
Nemelex Xobeh
Okawaru
Qazlal
Ru
Sif Muna
Trog
Uskayaw
Vehumet
Wu Jian
Xom
Yredelemnul
Zin
The Shining One
Beogh
Jiyva


Innate Abilities, Weirdness & Mutations

You have a pair of small horns on your head.
You sometimes gain a little power by taking damage.
You are immune to rotting.


Message History

The six-headed hydra is lightly wounded.
The six-headed hydra barely misses you. The six-headed hydra bites you.
The six-headed hydra barely misses you. x2; The six-headed hydra bites you.
The six-headed hydra barely misses you.
You puncture the six-headed hydra! You headbutt the six-headed hydra.
The six-headed hydra is heavily wounded.
The adder hisses angrily.
The six-headed hydra bites you but does no damage.
The six-headed hydra bites you! The six-headed hydra bites you.
The six-headed hydra barely misses you. The six-headed hydra bites you.
* * * LOW HITPOINT WARNING * * *
The six-headed hydra bites you!
* * * LOW HITPOINT WARNING * * *
You completely miss the six-headed hydra.
The adder hisses angrily.
You headbutt the six-headed hydra.
The six-headed hydra is heavily wounded.
The six-headed hydra closely misses you.
The six-headed hydra bites you.
You die... ▓▓▓▓▓▓▓▓▓▓▓▓▓▓▓▓▓▓▓▓▓▓▓ +ZZSYD@'.[.[[)|..'_____ ▓▓▓▓▓▓▓▓▓▓▓▓▓▓▓▓▓▓▓▓▓▓▓

You could see a six-headed hydra, a yak, an adder (wandering) and 2 giant cockroach zombies.

Vanquished Creatures
  3 crimson imps (D)
  A hound (D)
  An adder (D)
  2 goblins (D)
  A hobgoblin (D)
  A kobold (D)
  A ball python skeleton (D)
  A rat (D)
11 creatures vanquished.

Notes
Turn   | Place    | Note
-------+----------+-------------------------------------------
     0 | D        | Freyura the Demonspawn Fighter began the quest for the Orb.
     0 | D        | Reached XP level 1. HP: 18/18 MP: 1/1
    15 | D        | Reached skill level 1 in Dodging
    35 | D        | Noticed a crimson imp
    35 | D        | Noticed a crimson imp
    35 | D        | Noticed a crimson imp
    35 | D        | Noticed a hound
    40 | D        | Killed a hound
    40 | D        | Gained mutation: You sometimes gain a little power by
                  | taking damage. [demonic ancestry]
    40 | D        | Reached XP level 2. HP: 25/25 MP: 2/2
    40 | D        | Gained mutation: You are immune to rotting. [demonic
                  | ancestry]
    40 | D        | Reached XP level 3. HP: 30/30 MP: 3/3
    41 | D        | Reached XP level 4. HP: 38/38 MP: 4/4
    44 | D        | Reached skill level 5 in Maces & Flails
    50 | D        | Reached skill level 5 in Fighting
    50 | D        | Gained mutation: You have a pair of small horns on your
                  | head. [demonic ancestry]
    50 | D        | Reached XP level 5. HP: 44/44 MP: 5/5
    62 | D        | Found a roughly hewn altar of Beogh.
    62 | D        | Found a snail-covered altar of Cheibriados.
    62 | D        | Found a shadowy altar of Dithmenos.
    62 | D        | Found a white marble altar of Elyvilon.
    62 | D        | Found a blossoming altar of Fedhas.
    62 | D        | Found an opulent altar of Gozag.
    63 | D        | Found a hazy altar of Hepliaklqana.
    64 | D        | Found a viscous altar of Jiyva.
    65 | D        | Found an ancient bone altar of Kikubaaqudgha.
    66 | D        | Found a corrupted altar of Lugonu.
    67 | D        | Found a burning altar of Makhleb.
    68 | D        | Found a sparkling altar of Nemelex Xobeh.
    69 | D        | Found an iron altar of Okawaru.
    70 | D        | Found a stormy altar of Qazlal.
    71 | D        | Found a sacrificial altar of Ru.
    72 | D        | Found a shimmering blue altar of Sif Muna.
    73 | D        | Found a bloodstained altar of Trog.
    74 | D        | Found a hide-covered altar of Uskayaw.
    75 | D        | Found a radiant altar of Vehumet.
    76 | D        | Found an ornate altar of the Wu Jian Council.
    91 | D        | Found a shimmering altar of Xom.
    92 | D        | Found a basalt altar of Yredelemnul.
    93 | D        | Found a glowing silver altar of Zin.
    94 | D        | Found a glowing golden altar of the Shining One.
   106 | D        | Became a worshipper of Qazlal Stormbringer
   174 | D        | Noticed a six-headed hydra
   174 | D        | Noticed a yak
   186 | D        | Slain by a six-headed hydra

Skill      XL: |  1  2  3  4 |
---------------+-------------+-----
Maces & Flails | 3 4 5 |  5.7
Armour         | 3 4 |  4.6
Dodging        | 1 2 3 |  3.4
Shields        | 3 4 |  4.5
Fighting       | 4 5 |  5.1
Invocations    | |  0.6

Action                   |  1- 3 |  4- 6 || total
-------------------------+-------+-------++-------
Melee: Flail             |    16 |     6 ||    22
       Dire flail        |       |    10 ||    10
       Headbutt          |       |     5 ||     5
  Use: Potion            |     2 |     1 ||     3
 Stab: Invisible         |       |     3 ||     3
Armor: Scale mail        |     4 |     2 ||     6
       Chain mail        |       |     4 ||     4
Dodge: Dodged            |     4 |     8 ||    12
Block: Medium shield     |     5 |     2 ||     7
